 Dungeon Crawl Stone Soup version 0.29-a0-925-g0a7a3d12f8 (webtiles) character file.

Game seed: 16010693659244589960

139 iguanaiguana the Chopper (level 5, -3/45 HPs)
             Began as a Meteoran Fighter on July 28, 2022.
             Slain by a sky beast (6 damage)
             ... on level 5 of the Dungeon.
             The game lasted 00:05:40 (604 turns).

iguanaiguana the Chopper (Meteoran Fighter)          Turns: 604, Time: 00:05:40

Health: -3/45      AC: 16    Str: 19    XL:     5   Next: 75%
Magic:  6/6        EV:  7    Int: 10    God:
Gold:   23         SH:  5    Dex: 13    Spells: 4/4 levels left

rFire   . . .      SeeInvis .   p - +0 flail (protect)
rCold   . . .      Faith    .   c - +0 buckler
rNeg    . . .      Spirit   .   o - +0 chain mail
rPois   .          Reflect  .   (no helmet)
rElec   .          Harm     .   (no cloak)
rCorr   .          Rampage  .   (no gloves)
Will    .....                   (no boots)
Stlth   ..........              (no amulet)
HPRegen 0.15/turn               (no ring)
MPRegen 0.10/turn               (no ring)

@: brilliant, under a protective aura, attractive, glowing
A: sense surroundings 1, otherworldly, glowing, explore regen
a: no special abilities


You were on level 5 of the Dungeon.
You visited 1 branch of the dungeon, and saw 5 of its levels.

You collected 23 gold pieces.

Inventory:

Hand Weapons
 a - a +0 war axe
 k - a +0 mace of holy wrath
 p - a +0 flail of protection (weapon)
Armour
 b - a +0 scale mail
 c - a +0 buckler (worn)
 o - a +0 chain mail (worn)
Wands
 d - a wand of paralysis (4)
Scrolls
 e - 2 scrolls of identify {unknown}
 j - a scroll of brand weapon {unknown}
 m - 2 scrolls of teleportation {unknown}
 n - a scroll of amnesia {unknown}
Potions
 f - 3 potions of curing {@q1}
 h - a potion of heal wounds {unknown}
 i - a potion of cancellation {unknown}
 l - a potion of attraction


   Skills:
 - Level 3.2 Fighting
 + Level 5.9 Axes
 - Level 3.6 Armour
 - Level 3.6 Shields
 - Level 2.0 Evocations


You had 4 spell levels left.
You didn't know any spells.
Your spell library contained the following spells:

 Spells                   Type           Power      Damage    Failure   Level
 Ensorcelled Hibernation  Hex/Ice        0%         N/A       100%        2
 Spider Form              Tmut/Pois      0%         N/A       100%        3
 Anguish                  Hex/Necr       0%         N/A       100%        4


Dungeon Overview and Level Annotations

Branches:
Dungeon (5/15) Zot: 2367
 Temple: D:4-7

Altars:


Innate Abilities, Weirdness & Mutations

You passively map a small area around you.
You are easily found by Zot.
You glow in the dark.
You regain HP and MP as you explore.


Message History

Okay, then.
It was a potion of attraction.
You feel attractive to monsters.
You hit something but do no damage.
Your weapon exudes an aura of protection.
You miss something. You barely miss something. You sock something!
Your weapon exudes an aura of protection.
You closely miss something. You barely miss something.
Okay, then.
You closely miss something. You hit something.
Your weapon exudes an aura of protection.
You hit something. You hit something but do no damage.
You barely miss something. You hit something.
A sky beast appears from thin air!
Reactivating autopickup.
The sky beast hits you.
* * * LOW HITPOINT WARNING * * *
The sky beast shocks you.
* * * LOW HITPOINT WARNING * * *
You miss the sky beast.
The sky beast is severely wounded.
You hit the sky beast.
The sky beast is almost dead.
You barely miss the sky beast.
The sky beast is almost dead.
You hit the sky beast.
The sky beast is almost dead.
The sky beast flickers out of sight!
Deactivating autopickup; reactivate with Ctrl-A.
You closely miss something.
A sky beast appears from thin air!
Reactivating autopickup.
The sky beast hits you.
* * * LOW HITPOINT WARNING * * *
The sky beast shocks you.
You die...

, * ** .# *
, , ..# * *
*, #.# * *
#.# # #.# *
#.#####.#
#...)...# *
*
#...)@..#,*
,
#.....Y≈.<#,
*
###.#####.#,
..,,, ..#, .
#..#, , ,
,,#..# * *,
#..# , #..#
##.#


You could see a sky beast.

Vanquished Creatures
  An orc priest (D:3)
  Jessica (D:2)
  Ijyb (D:3)
  3 adders
  5 orcs
  2 ball pythons (D:1)
  3 bats (D:1)
  An endoplasm (D:3)
  2 giant cockroaches
  3 hobgoblins
  3 kobolds
  3 frilled lizards
  A goblin (D:3)
  4 rats
33 creatures vanquished.

Notes
Turn   | Place    | Note
-------+----------+-------------------------------------------
     0 | D:1      | iguanaiguana the Meteoran Fighter began the quest for the
                  | Orb.
     0 | D:1      | Reached XP level 1. HP: 19/19 MP: 2/2
    51 | D:1      | Reached skill level 3 in Axes
    51 | D:1      | Reached XP level 2. HP: 25/26 MP: 3/3
   168 | D:3      | Noticed Ijyb
   169 | D:3      | Paralysed by Ijyb for 3 turns
   175 | D:3      | Killed Ijyb
   176 | D:3      | Reached skill level 4 in Axes
   176 | D:3      | Reached XP level 3. HP: 24/31 MP: 4/4
   242 | D:3      | Reached XP level 4. HP: 33/38 MP: 5/5
   331 | D:2      | Noticed Jessica
   336 | D:2      | Killed Jessica
   346 | D:2      | Found a faded altar of an unknown god.
   378 | D:2      | Reached skill level 5 in Axes
   378 | D:2      | Reached XP level 5. HP: 45/45 MP: 6/6
   566 | D:5      | Entered Level 5 of the Dungeon
   568 | D:5      | Noticed a sky beast
   604 | D:5      | Slain by a sky beast

Illustrated notes

Levels and vault maps discovered:
D:1:      eino_arrival_tree_alley, layout_basic, st_stairs_5
D:2:      layout_loops_ring, hellmonk_ecumenical_altar_crossroads,
          minmay_quadrilaterals, uniq_jessica
D:3:      layout_basic, uniq_ijyb
D:4:      layout_cave_pools, kennysheep_vampire_church,
          minmay_temple_entry_arrows, uniq_sigmund
D:5:      layout_basic, serial_shops, shop_coins, kennysheep_generic_room_8

Skill      XL: |  1  2  3  4 |
---------------+-------------+-----
Axes           | 3 4 5 |  5.9
Evocations     | 2 |  2.0
Fighting       | |  3.2
Armour         | |  3.6
Shields        | |  3.6

Action                   |  1- 3 |  4- 6 || total
-------------------------+-------+-------++-------
Melee: War axe           |    31 |    42 ||    73
       Flail             |       |    25 ||    25
  Use: Potion            |     1 |     3 ||     4
 Stab: Held in net/web   |       |     1 ||     1
Armor: Scale mail        |    17 |     5 ||    22
       Chain mail        |       |    38 ||    38
Dodge: Dodged            |    16 |    11 ||    27
Block: Buckler           |     9 |    14 ||    23

Table legend: (Time is in decaauts)
 A = Elapsed time spent in this place.
 B = Non-inter-level travel time spent in this place.
 C = Inter-level travel time spent in this place.
 D = Time resting spent in this place.
 E = Time spent auto-exploring this place.
 F = Levels seen in this place.
 G = Mean time per level.
                   A        B        C        D        E       F      G
               +--------+--------+--------+--------+--------+-----+--------+
         Total |    631 |    270 |    361 |      0 |      0 |   5 |  126.2 |
       Dungeon |    631 |    270 |    361 |      0 |      0 |   5 |  126.2 |
               +--------+--------+--------+--------+--------+-----+--------+

Top non-repeatable levels by time:
     D:2: 259 daAuts
     D:3: 200 daAuts
     D:1: 96 daAuts
     D:5: 43 daAuts
     D:4: 30 daAuts
